 Dungeon Crawl Stone Soup version 0.20.1-1-g8b1a95d (webtiles) character file.

102 empire the Slasher (level 4, 0/39 HPs)
             Began as a Minotaur Fighter on July 20, 2017.
             Killed by divine providence
             ... invoked by an orc priest
              (11 damage)
             ... on level 3 of the Dungeon.
             The game lasted 00:02:49 (2436 turns).

empire the Slasher (Minotaur Fighter)               Turns: 2436, Time: 00:02:51

Health: 0/39       AC:  6    Str: 22    XL:     4   Next: 49%
Magic:  3/3        EV:  7    Int:  5    God:
Gold:   59         SH:  9    Dex:  9    Spells: 3/3 levels left

rFire    . . .     SeeInvis .   a - +0 long sword
rCold    . . .     Gourm    .   c - +0 shield
rNeg     . . .     Faith    .   b - +0 scale mail
rPois    .         Spirit   .   (helmet restricted)
rElec    .         Reflect  .   (no cloak)
rCorr    .         Harm     .   (no gloves)
MR       .....                  (no boots)
Stlth    ..........             (no amulet)
Regen    0.2/turn               (no ring)
MPRegen  0.1/turn               (no ring)

@: no status effects
A: retaliatory headbutt, horns 2
a: no special abilities


You were on level 3 of the Dungeon.
You were hungry.

You visited 1 branch of the dungeon, and saw 3 of its levels.

You collected 59 gold pieces.

Inventory:

Hand Weapons
 a - a +0 long sword (weapon)
Armour
 b - a +0 scale mail (worn)
 c - a +0 shield (worn)
Wands
 v - a wand of lightning (7/15)
 A - a wand of acid (9/15)
Scrolls
 j - a scroll of amnesia {unknown}
 k - a scroll of recharging {unknown}
 m - a scroll of remove curse {unknown}
 o - 2 scrolls of fear {unknown}
 s - a scroll of random uselessness {unknown}
 t - a scroll of identify {unknown}
 y - a scroll of fog {unknown}
 z - a scroll of teleportation {unknown}
Potions
 d - a potion of might
 e - a potion of berserk rage {unknown}
 g - a potion of degeneration {unknown}
 h - 2 potions of flight {unknown}
 i - 2 potions of brilliance {unknown}
 l - 2 potions of lignification {unknown}
 n - a potion of curing {unknown}
 p - a potion of ambrosia {unknown}
 r - a potion of haste {unknown}
 w - a potion of heal wounds {unknown}
 x - a potion of invisibility {unknown}
Comestibles
 f - 5 bread rations
 q - a royal jelly
 u - a fruit
 B - a meat ration


   Skills:
 - Level 3.6 Fighting
 + Level 5.8 Long Blades
 - Level 3.6 Armour
 - Level 3.6 Shields


You had 3 spell levels left.
You didn't know any spells.

Dungeon Overview and Level Annotations

Branches:
Dungeon (3/15)

Altars:


Innate Abilities, Weirdness & Mutations

You reflexively headbutt those who attack you in melee.
You have a pair of horns on your head.


Message History

The orc priest casts a cantrip, but nothing happens.
The orc wizard hits you but does no damage.
You barely miss the orc wizard.
The orc wizard is moderately wounded.
The orc wizard barely misses you.
You closely miss the orc wizard. Your headbutt misses the orc wizard.
The orc wizard is moderately wounded.
The orc wizard hits you but does no damage.
You hit the orc wizard but do no damage.
Your headbutt misses the orc wizard.
The orc wizard is moderately wounded.
The orc wizard hits you but does no damage. x2
You barely miss the orc wizard.
The orc wizard is moderately wounded.
The orc wizard casts a spell at you. The magic dart hits you!
* * * LOW HITPOINT WARNING * * *
The orc priest mumbles some strange prayers to Beogh against you.
Beogh smites you!
You die...

#.#[# #.#.########
#.#.........
######.#.########
.......#'###
#.....)....#######
+..........'.....#
#..........#####.#
...........# #@#
#..........# #o#
#..........# #o#
#..........# #K#
#..........# #.#
#..........# #.#
#..........# #.#
#..........# #.#
#..........#


You could see an orc priest, an orc wizard and a kobold.

Vanquished Creatures
  Jessica (D:2)
  An ooze (D:2)
  A worm (D:3)
  3 dart slugs
  A leopard gecko (D:2)
  2 orcs (D:3)
  10 bats
  A giant cockroach (D:3)
  8 goblins
  10 hobgoblins
  7 kobolds
  A quokka (D:3)
  7 frilled lizards
  6 rats
59 creatures vanquished.

Notes
Turn   | Place    | Note
-------+----------+-------------------------------------------
     0 | D:1      | empire the Minotaur Fighter began the quest for the Orb.
     0 | D:1      | Reached XP level 1. HP: 19/19 MP: 0/0
   276 | D:1      | Reached skill level 3 in Long Blades
   315 | D:1      | Reached XP level 2. HP: 26/26 MP: 1/1
  1152 | D:2      | Reached skill level 4 in Long Blades
  1183 | D:2      | Reached XP level 3. HP: 30/31 MP: 2/2
  1509 | D:2      | Noticed Jessica
  1519 | D:2      | Killed Jessica
  1519 | D:2      | Reached skill level 5 in Long Blades
  1519 | D:2      | Reached XP level 4. HP: 39/39 MP: 3/3
  2436 | D:3      | Killed from afar by an orc priest

Skill      XL: |  1  2  3 |
---------------+----------+-----
Long Blades    | 3 4 5 |  5.8
Fighting       | |  3.6
Armour         | |  3.6
Shields        | |  3.6

Action                   |  1- 3 |  4- 6 || total
-------------------------+-------+-------++-------
Melee: Long sword        |    95 |    58 ||   153
       Headbutt          |    11 |    10 ||    21
  Eat: Chunk             |     2 |     2 ||     4
Armor: Scale mail        |    44 |    17 ||    61
Dodge: Dodged            |    26 |    16 ||    42
Block: Shield            |    52 |    29 ||    81
       Rpst.: Long sword |     1 |     2 ||     3
